Map: 파라 사이트 - 래더

Players

Dear - Winner!

  • Race: Protoss Protoss
  • Spawn Location: 11:00

lllllllllll (sOs)

  • Race: Protoss Protoss
  • League: Master
  • Spawn Location: 5:00

Event: IEM Season 13 - Katowice Server Qualifiers Asia 2

VOD

Have the link to the VOD?

Description

Time

  • Played on: Jan. 22, 2019, 5:04 a.m.
  • Length: 9:35

All games in this series

Show
View Real Time Build Order
Export as new Build Order

Dear Protoss - Winner!

Build Orders: Zealot Archon, Dark Templar Rush 

Get SALT Encoding   

  12  0:00  Probe  
  13  0:12  Probe  
  14  0:17  Pylon  
  14  0:24  Probe  
  15  0:32  Probe  
  15  0:36  Gateway  
  15  0:40  Probe  
  16  0:46  Assimilator  
  17  0:51  Probe  
  17  0:54  Assimilator  
  18  1:00  Probe  
  19  1:06  Gateway  
  19  1:08  Probe  
  19  1:17  Probe  
  20  1:23  Cybernetics Core  
  21  1:29  Probe  
  22  1:32  Pylon  
  22  1:41  Probe  
  23  1:53  Probe  
  24  1:59  Adept x2  
  24  2:00  Warp Gate  
  28  2:05  Probe  
  29  2:10  Pylon  
  29  2:20  Twilight Council  
  29  2:43  Sentry  
  31  2:48  Nexus  
  31  2:57  Dark Shrine  
  31  3:01  Probe  
  32  3:13  Probe  
  32  3:19  Shield Battery  
  33  3:25  Probe  
  34  3:36  Robotics Facility  
  34  3:37  Probe  
  35  3:44  Pylon  
  35  3:47  Probe  
  35  3:51  Shield Battery  
  36  3:55  Probe  
  36  3:57  Probe  
  38  4:03  Probe  
  38  4:05  Probe  
  40  4:10  Dark Templar x2  
  40  4:15  Probe x2  
  45  4:18  Warp Prism  
  45  4:21  Pylon  
  47  4:27  Probe x2  
  49  4:39  Probe  
  49  4:40  Probe  
  49  4:44  Stalker x2, Blink  
  53  4:52  Probe  
  54  4:53  Probe  
  55  5:04  Probe  
  55  5:05  Probe  
  53  5:07  Gateway  
  53  5:09  Stalker x2  
  53  5:11  Assimilator  
  53  5:12  Assimilator  
  57  5:16  Probe  
  57  5:17  Probe  
  57  5:19  Gateway  
  58  5:28  Probe  
  59  5:29  Shield Battery  
  59  5:31  Stalker  
  59  5:32  Stalker  
  59  5:33  Probe  
  64  5:40  Forge  
  64  5:54  Nexus  
  64  5:58  Stalker x2  
  64  6:00  Observer, Protoss Ground Weapons Level 1  
  69  6:04  Pylon  
  69  6:11  Probe x2  
  68  6:20  Sentry  
  68  6:22  Pylon  
  68  6:24  Sentry, Probe x2  
  73  6:25  Charge  
  73  6:32  Gateway  
  73  6:36  Gateway  
  73  6:37  Probe  
  73  6:38  Probe  
  75  6:43  Gateway  
  75  6:52  Gateway  
  75  6:55  Probe x2, Gateway  
  75  7:00  Templar Archives  
  74  7:10  Probe x2  
  76  7:16  Zealot x3  
  76  7:17  Zealot  
  83  7:23  Probe  
  83  7:24  Probe x2  
  85  7:30  Dark Templar  
  85  7:35  Probe  
  85  7:36  Archon, High Templar  
  85  7:37  High Templar, Zealot x2  
  92  7:42  Warp Prism  
  98  7:46  Pylon  
  98  7:49  Archon  
  98  7:53  High Templar  
  98  7:56  Pylon  
  100  8:00  Pylon  
  100  8:05  High Templar, Pylon  
  102  8:09  Archon  
  102  8:12  Zealot x3  
  108  8:17  Pylon  
  108  8:26  Zealot x4  
  116  8:32  Observer, Pylon  
  117  8:35  Pylon  
  117  8:40  High Templar x2, Zealot x2  
  123  8:44  Archon  
  121  8:48  Zealot x2  
  121  8:49  Zealot  
  121  8:50  Zealot  
  127  8:59  Probe x3  
  130  9:07  High Templar x2  
  134  9:14  Archon, Zealot x4  
  134  9:15  Zealot  
  132  9:24  Zealot  
Show
View Real Time Build Order
Export as new Build Order

lllllllllll Protoss 

Build Orders: Phoenix Opening, Archon Immortal 

Get SALT Encoding   

  12  0:00  Probe  
  13  0:13  Probe  
  14  0:18  Pylon  
  14  0:24  Probe  
  15  0:32  Probe  
  15  0:36  Gateway  
  15  0:40  Probe  
  16  0:45  Assimilator  
  17  0:50  Probe  
  17  0:53  Assimilator  
  18  0:58  Probe  
  19  1:06  Probe  
  20  1:12  Gateway  
  20  1:17  Probe  
  20  1:23  Cybernetics Core  
  21  1:29  Probe  
  22  1:33  Pylon  
  22  1:41  Probe  
  23  1:54  Probe  
  24  2:01  Sentry, Warp Gate, Stalker  
  28  2:11  Pylon  
  27  2:34  Stargate  
  27  2:35  Stalker  
  29  2:43  Stalker  
  31  2:53  Probe  
  32  3:01  Shield Battery  
  32  3:10  Nexus  
  32  3:16  Probe  
  32  3:17  Phoenix  
  35  3:28  Probe  
  36  3:34  Phoenix  
  36  3:42  Probe  
  39  3:54  Pylon  
  39  3:56  Robotics Facility  
  39  4:04  Phoenix  
  39  4:12  Probe  
  39  4:15  Forge  
  42  4:23  Probe  
  42  4:24  Probe  
  42  4:27  Phoenix  
  46  4:36  Probe x2  
  46  4:37  Observer  
  44  4:48  Probe x2  
  40  5:00  Probe  
  40  5:02  Probe  
  42  5:12  Probe  
  43  5:21  Probe x2  
  45  5:29  Protoss Ground Weapons Level 1, Probe x2  
  47  5:39  Probe  
  47  5:40  Probe  
  49  5:49  Immortal  
  53  5:53  Probe x2  
  55  5:58  Pylon  
  55  6:05  Probe x2  
  57  6:17  Probe x2  
  57  6:18  Twilight Council  
  59  6:20  Assimilator  
  59  6:21  Assimilator  
  59  6:30  Immortal  
  59  6:32  Probe x2  
  65  6:35  Pylon  
  65  6:36  Observer  
  65  6:43  Pylon  
  65  6:44  Probe x2  
  67  6:54  Charge  
  67  6:56  Observer, Probe  
  67  6:57  Probe  
  69  7:02  Observer  
  69  7:09  Protoss Ground Weapons Level 2  
  69  7:11  Immortal  
  69  7:14  Nexus  
  73  7:16  Probe x2  
  73  7:18  Observer  
  73  7:22  Pylon  
  75  7:35  Gateway  
  75  7:36  Gateway  
  75  7:44  Observer  
  75  7:46  Probe, Gateway  
  75  7:47  Probe  
  75  7:48  Gateway  
  78  8:02  Templar Archives  
  78  8:03  Gateway  
  78  8:05  Probe x2  
  80  8:08  Immortal  
  84  8:20  Probe x2  
  84  8:26  Probe, Zealot x2  
  89  8:34  Zealot x2  
  89  8:35  Observer  
  89  8:39  Pylon  
  89  8:40  Immortal  
  93  8:43  High Templar x2  
  93  8:46  Photon Cannon  
  93  8:47  Archon  
  97  8:54  High Templar x2  
  97  8:55  Zealot x2  
  109  8:59  Archon  
  109  9:02  Pylon  
  109  9:04  Probe, Pylon  
  109  9:09  Zealot  
  107  9:16  Zealot x2  
  95  9:25  Zealot x2  
  95  9:28  Zealot  

Tags
 
Add a new tag
Caveats
  • Supply blocks, unpowered buildings, or Contaminate may cause inaccurate times.
  • Supply counts are checked every 10 seconds.